 Dungeon Crawl Stone Soup version 0.27.1-16-g815e20cd7a (webtiles) character file.

Game seed: 5373921217281610083

102 Cykl0x the Skirmisher (level 4, -10/29 HPs)
             Began as a Gargoyle Fighter on Nov 22, 2021.
             Killed by divine providence
             ... invoked by an orc priest
              (13 damage)
             ... on level 3 of the Dungeon.
             The game lasted 00:02:10 (1873 turns).

Cykl0x the Skirmisher (Gargoyle Fighter)            Turns: 1873, Time: 00:02:11

Health: -10/29     AC: 16    Str: 21    XL:     4   Next: 78%
Magic:  4/4        EV:  5    Int:  8    God:
Gold:   100        SH:  9    Dex:  9    Spells: 3/3 levels left

rFire    . . .     SeeInvis .   a - +0 long sword
rCold    . . .     Faith    .   c - +0 kite shield
rNeg     + . .     Spirit   .   i - +0 chain mail
rPois    ∞         Reflect  .   j - +1 hat
rElec    +         Harm     .   (no cloak)
rCorr    .         Rampage  .   (no gloves)
Will     .....                  h - +1 pair of boots {Stlth+}
Stlth    ..........             (no amulet)
HPRegen  0.09/turn              (no ring)
MPRegen  0.09/turn              (no ring)

@: no status effects
A: sickness immunity, AC +3, negative energy resistance 1, electricity
resistance, torment resistance 1, petrification resistance
a: no special abilities


You were on level 3 of the Dungeon.
You visited 1 branch of the dungeon, and saw 3 of its levels.

You collected 100 gold pieces.

Inventory:

Hand Weapons
 a - a +0 long sword (weapon)
Missiles
 g - 8 stones (quivered)
Armour
 b - a +0 scale mail
 c - a +0 kite shield (worn)
 h - a +1 pair of boots of stealth (worn)
 i - a +0 chain mail (worn)
 j - a +1 hat (worn)
Scrolls
 e - a scroll of immolation {unknown}
Potions
 d - a potion of curing
 f - a potion of mutation {unknown}


   Skills:
 * Level 4.0 Fighting
 + Level 2.4 Long Blades
 * Level 0.9 Throwing
 + Level 3.9 Armour
 * Level 1.0 Dodging
 + Level 3.8 Shields


You had 3 spell levels left.
You didn't know any spells.
Your spell library contained the following spells:

 Spells                   Type           Power      Damage    Failure   Level
 Animate Skeleton         Necr           0%         N/A       100%        1
 Apportation              Tloc           0%         N/A       100%        1
 Corona                   Hex            0%         N/A       100%        1
 Summon Small Mammal      Summ           0%         N/A       100%        1


Dungeon Overview and Level Annotations

Branches:
Dungeon (3/15)

Altars:


Innate Abilities, Weirdness & Mutations

You are immune to sickness and miasma.
Your stone body is resilient. (AC +3)
You are immune to poison.
You resist negative energy. (rN+)
You are resistant to electric shocks. (rElec)
You are resistant to unholy torment.
You are immune to petrification.


Message History

The orc priest is moderately wounded.
The orc priest calls down the wrath of Beogh upon you.
Beogh smites you!
Ouch! That really hurt!
* * * LOW HITPOINT WARNING * * *
The orc priest calls down the wrath of Beogh upon you.
Pain shoots through your body!
* * * LOW HITPOINT WARNING * * *
You feel better.
The orc priest hits you but does no damage.
You feel better.
The orc priest hits you but does no damage.
You hit the orc priest but do no damage.
The orc priest is moderately wounded.
The orc priest hits you with a +0 mace.
You hit the orc priest but do no damage.
The orc priest is moderately wounded.
The orc priest hits you but does no damage. x2
You hit the orc priest but do no damage.
The orc priest is moderately wounded.
You block the orc priest's attack.
You barely miss the orc priest.
The orc priest is moderately wounded.
The orc priest barely misses you. You block the orc priest's attack.
You closely miss the orc priest.
The orc priest is moderately wounded.
The orc priest calls down the wrath of Beogh upon you.
Beogh smites you!
* * * LOW HITPOINT WARNING * * *
You closely miss the orc priest.
The orc priest is moderately wounded.
The orc priest barely misses you. You block the orc priest's attack.
You closely miss the orc priest.
The orc priest is moderately wounded.
You block the orc priest's attack.
You hit the orc priest.
The orc priest is moderately wounded.
The orc priest invokes the aid of Beogh against you.
Beogh smites you!
You die...

.... .. ...#+#
..## .....
...#+ .....
...?. .
....####....
...###. ......#
#....###....#
#........<..#
#........@..#
...........o..#
.....##.##....#
..... #.##...(#
..## ...####(..
. ..©. (...
##### ...(
.....


You could see an orc priest.

Vanquished Creatures
  5 adders (D:2)
  A worm (D:2)
  2 dart slugs (D:2)
  3 orcs (D:2)
  8 bats
  4 endoplasms (D:1)
  2 giant cockroaches (D:1)
  3 goblins (D:1)
  2 hobgoblins (D:2)
  5 quokkas
  4 ball pythons
  3 frilled lizards
  5 rats
47 creatures vanquished.

Notes
Turn   | Place    | Note
-------+----------+-------------------------------------------
     0 | D:1      | Cykl0x the Gargoyle Fighter began the quest for the Orb.
     0 | D:1      | Reached XP level 1. HP: 14/14 MP: 1/1
   162 | D:1      | Found a faded altar of an unknown god.
   176 | D:1      | Reached XP level 2. HP: 19/19 MP: 2/2
   682 | D:1      | Reached XP level 3. HP: 24/24 MP: 3/3
  1317 | D:2      | Reached XP level 4. HP: 25/29 MP: 4/4
  1318 | D:2      | Reached skill level 4 in Fighting
  1580 | D:2      | Reached skill level 1 in Dodging
  1873 | D:3      | Killed from afar by an orc priest

Illustrated notes

Levels and vault maps discovered:
D:1:      lemuel_arrival_behind_the_door_large, layout_basic,
          shapermc_ecumenical_altar_totnotflames
D:2:      layout_loops_corners
D:3:      gammafunk_wand_slinger, layout_basic, mainiacjoe_overflow_catwalk,
          nrook_mini_backslash, minmay_fractal_squares_gapless_5, uniq_jessica

Skill      XL: |  1  2  3  4 |
---------------+-------------+-----
Long Blades    | 2 |  2.4
Fighting       | 4 |  4.0
Dodging        | 1 |  1.0
Throwing       | |  0.9
Armour         | |  3.9
Shields        | |  3.8

Action                   |  1- 3 |  4- 6 || total
-------------------------+-------+-------++-------
Melee: Long sword        |   103 |    62 ||   165
Throw: Stone             |     6 |    22 ||    28
  Use: Potion            |     1 |     2 ||     3
       Scroll            |       |     2 ||     2
Armor: Scale mail        |    93 |       ||    93
       Chain mail        |       |    47 ||    47
Dodge: Dodged            |    37 |    17 ||    54
Block: Kite shield       |    65 |    40 ||   105
       Rpst.: Long sword |    13 |     1 ||    14
